 Dungeon Crawl Stone Soup version 0.30-a0-737-gf23d94013f (webtiles) character file.

Game seed: 484180168565555156

44 mandoloar the Covered (level 3, -2/24 HPs)
             Began as a Gargoyle Fighter on Feb 2, 2023.
             Slain by a worm (9 damage)
             ... on level 2 of the Dungeon.
             The game lasted 00:03:43 (2190 turns).

mandoloar the Covered (Gargoyle Fighter)            Turns: 2190, Time: 00:03:43

Health: -2/24      AC: 12    Str: 21    XL:     3   Next: 62%
Magic:  3/3        EV:  9    Int:  8    God:
Gold:   27         SH:  4    Dex:  9    Spells: 2/2 levels left

rFire   . . .      SeeInvis .    a - +0 flail
rCold   . . .      Faith    .    c - +0 buckler
rNeg    + . .      Spirit   .    b - +0 scale mail
rPois   ∞          Reflect  .    n - +0 helmet
rElec   +          Harm     .    (no cloak)
rCorr   .          Rampage  .    h - +0 pair of gloves
Will    .....                    (no boots) Stlth
                                 (no amulet)
HPRegen 0.24/turn                (no ring)
MPRegen 0.08/turn                (no ring)

@: no status effects
A: sickness immunity, AC +3, negative energy resistance 1, electricity
resistance, torment resistance 1, petrification resistance
a: no special abilities


You were on level 2 of the Dungeon.
You visited 1 branch of the dungeon, and saw 2 of its levels.

You collected 27 gold pieces.

Inventory:

Hand Weapons
 a - a +0 flail (weapon)
Armour
 b - a +0 scale mail (worn)
 c - a +0 buckler (worn)
 h - a +0 pair of gloves (worn)
 n - a +0 helmet (worn)
Jewellery
 o - a +6 ring of dexterity
Scrolls
 f - a scroll of identify {unknown}
 i - a scroll of poison {unknown}
 j - a scroll of magic mapping {unknown}
 k - a scroll of brand weapon {unknown}
 l - 2 scrolls of teleportation {unknown}
 m - a scroll of summoning {unknown}
Potions
 d - a potion of might
 e - a potion of flight {unknown}
 g - a potion of lignification {unknown}
 p - a potion of degeneration {unknown}


   Skills:
 + Level 3.9 Fighting
 + Level 2.7 Maces & Flails
 + Level 3.9 Armour
 - Level 3.2 Shields


You had 2 spell levels left.
You didn't know any spells.
Your spell library contained the following spells:

 Spells                   Type           Power      Damage    Failure   Level
 Wereblood                Tmut           0%         N/A       93%         2
 Summon Hydra             Summ           0%         N/A       100%        7
 Sublimation of Blood     Necr           Unusable   N/A       N/A         2

Dungeon Overview and Level Annotations

Branches:
Dungeon (2/15)

Altars:

Shops:
D:2 !


Innate Abilities, Weirdness & Mutations

You are immune to sickness and miasma.
Your stone body is resilient. (AC +3)
You are immune to poison.
You resist negative energy. (rN+)
You are resistant to electric shocks. (rElec)
You are resistant to unholy torment.
You are immune to petrification.


Message History

The worm is lightly wounded.
The worm bites you.
You hit the worm.
The worm is lightly wounded.
The worm closely misses you.
You hit the worm but do no damage.
The worm is lightly wounded.
The kobold closely misses you.
You sock the worm!
The worm is heavily wounded.
The worm bites you but does no damage. The kobold hits you but does no damage.
You hit the worm.
The worm is heavily wounded.
The kobold hits you but does no damage. The worm bites you.
You hit the worm.
The worm is heavily wounded.
The kobold hits you but does no damage. The worm bites you but does no damage.
The kobold hits you with a +0 club.
You hit the kobold but do no damage. The kobold closely misses you.
The worm closely misses you.
You hit the kobold.
The kobold is heavily wounded.
The kobold hits you but does no damage.
You closely miss the kobold.
The kobold is heavily wounded.
The kobold hits you but does no damage. The worm barely misses you.
The kobold barely misses you.
You sock the kobold!
You kill the kobold!
The worm misses you.
There is an open door here.
The worm bites you but does no damage.
You thump the worm!
The worm is almost dead.
The worm bites you!
* * * LOW HITPOINT WARNING * * *
You barely miss the worm.
The worm is almost dead.
The worm bites you!
You die...

##.###.###.##>#.#
##.##
##.##.#....#########
#.##
##................###
#.)##
##.##.#....####......#
#.#.###.###.##.#.#
#.##.#.# #.##.#.##
#.##.#.# #.##.#.#
#.###.## #......#
#.##.#.# #.# ###
####'### #....#.# #.#
#.@.# #..###.# #.#
#..w).# #......# #.#
#........# ##.#.###
#.........###....#####
+.......$.+...........
#.........###....#####
#........## #....#
#.#.....## ####.# #.#


You could see a worm.

Vanquished Creatures
  An adder (D:2)
  A dart slug (D:1)
  7 endoplasms (D:1)
  3 giant cockroaches (D:1)
  4 hobgoblins (D:1)
  A kobold (D:2)
  2 ball pythons (D:1)
  3 bats
  A frilled lizard (D:1)
  4 goblins
  A rat (D:1)
28 creatures vanquished.

Notes
Turn   | Place    | Note
-------+----------+-------------------------------------------
     0 | D:1      | mandoloar the Gargoyle Fighter began the quest for the Orb.
     0 | D:1      | Reached XP level 1. HP: 14/14 MP: 1/1
   217 | D:1      | Reached XP level 2. HP: 19/19 MP: 2/2
   674 | D:1      | Found a faded altar of an unknown god.
   761 | D:1      | Reached XP level 3. HP: 24/24 MP: 3/3
  1637 | D:2      | Found Zaegrier's Distillery.
  2190 | D:2      | Slain by a worm

Illustrated notes

Levels and vault maps discovered:
D:1:      roderic_lyre, layout_basic, basic_ecumenical_altar,
          minmay_split_cup_large
D:2:      layout_loops_corners, serial_shops, nicolae_shop_waterfront

Action                     || total
---------------------------++-------
  Melee: Flail             ||    93
 Armour: Scale mail        ||    59
  Dodge: Dodged            ||    55
  Block: Buckler           ||    14

Table legend: (Time is in decaauts)
 A = Elapsed time spent in this place.
 B = Non-inter-level travel time spent in this place.
 C = Inter-level travel time spent in this place.
 D = Time resting spent in this place.
 E = Time spent auto-exploring this place.
 F = Levels seen in this place.
 G = Mean time per level.
                   A        B        C        D        E       F      G
               +--------+--------+--------+--------+--------+-----+--------+
         Total |   2218 |   2076 |    142 |    570 |   1253 |   2 | 1109.0 |
       Dungeon |   2218 |   2076 |    142 |    570 |   1253 |   2 | 1109.0 |
               +--------+--------+--------+--------+--------+-----+--------+

Top non-repeatable levels by time:
     D:1: 1644 daAuts
     D:2: 574 daAuts
